 Dungeon Crawl Stone Soup version 0.30-a0-331-g8ab09dc110 (webtiles) character file.

Game seed: 7870485888263223900

15 porpoise the Poker (level 2, -1/23 HPs)
             Began as a Demonspawn Gladiator on Oct 29, 2022.
             Slain by an iguana (9 damage)
             ... on level 2 of the Dungeon.
             The game lasted 00:02:36 (618 turns).

porpoise the Poker (Demonspawn Gladiator)            Turns: 618, Time: 00:02:37

Health: -1/23      AC:  4    Str: 14    XL:     2   Next: 34%
Magic:  2/2        EV: 12    Int:  9    God:
Gold:   32         SH:  0    Dex: 14    Spells: 1/1 levels left

rFire   . . .      SeeInvis .    a - +0 trident
rCold   . . .      Faith    .    (no shield)
rNeg    . . .      Spirit   .    b - +0 leather armour
rPois   .          Reflect  .    c - +0 helmet
rElec   .          Harm     .    (no cloak)
rCorr   .          Rampage  .    (no gloves)
Will    .....                    (no boots)
Stlth   +.........               (no amulet)
HPRegen 0.23/turn                (no ring)
MPRegen 0.16/turn                (no ring)

@: no status effects
A: magic regeneration
a: no special abilities


You were on level 2 of the Dungeon.
You visited 1 branch of the dungeon, and saw 2 of its levels.

You collected 32 gold pieces.

Inventory:

Hand Weapons
 a - a +0 trident (weapon)
Missiles
 d - 3 throwing nets (quivered)
 e - a javelin
Armour
 b - a +0 leather armour (worn)
 c - a +0 helmet (worn)
Scrolls
 h - a scroll of magic mapping {unknown}
 i - a scroll of identify {unknown}
 j - a scroll of enchant weapon {unknown}
 l - a scroll of immolation {unknown}
Potions
 f - 2 potions of curing {unknown}
 g - 2 potions of heal wounds {unknown}
 k - a potion of lignification {unknown}
 m - a potion of resistance {unknown}


   Skills:
 + Level 2.3 Fighting
 * Level 3.2 Polearms
 - Level 1.7 Throwing
 - Level 2.6 Dodging


You had one spell level left.
You didn't know any spells.
Your spell library contained the following spells:

 Spells                   Type           Power      Damage    Failure   Level
 Apportation              Tloc           0%         N/A       45%         1
 Necrotise                Necr           0%         1d4       45%         1
 Summon Small Mammal      Summ           0%         N/A       45%         1


Dungeon Overview and Level Annotations

Branches:
Dungeon (2/15)

Altars:


Innate Abilities, Weirdness & Mutations

You regenerate magic rapidly.


Message History

f - 2 glowing amethyst potions (gained 1)
You open the door.
A kobold comes into view. It is wielding a +0 dagger.
The kobold shouts!
You hear an angry hiss.
A worm comes into view.
You reach to attack!
You puncture the kobold!
You kill the kobold!
An iguana comes into view.
You hit the worm.
The worm is moderately wounded.
You hit the worm.
The worm is heavily wounded.
The worm closely misses you.
You hit the worm.
The worm is heavily wounded.
The worm misses you.
You hit the worm.
The worm is severely wounded.
You barely miss the worm.
The worm is severely wounded.
The worm closely misses you.
You hit the worm.
The worm is almost dead.
The worm bites you but does no damage.
You hit the worm.
You kill the worm!
The iguana bites you but does no damage.
You hit the iguana but do no damage. The iguana bites you.
You hit the iguana.
The iguana is lightly wounded.
The iguana closely misses you.
You barely miss the iguana.
The iguana is lightly wounded.
The iguana bites you!
Ouch! That really hurt!
You are too injured to fight recklessly!
You hit the iguana.
The iguana is moderately wounded.
The iguana bites you!
You die...

##### ### ....####'# #+
..#......# ...
.......#.# ....
###.#....####### .....
....#..........###......
................@l......
..###..........###......
......#####.....# ##...
........# #.....# .
.<......#.......#
........#.........
#......##..........
...#...............
...........


You could see an iguana.

Vanquished Creatures
  A worm (D:2)
  2 ball pythons (D:1)
  An endoplasm (D:1)
  2 goblins (D:1)
  3 kobolds
  A frilled lizard (D:1)
  A rat (D:1)
11 creatures vanquished.

Notes
Turn   | Place    | Note
-------+----------+-------------------------------------------
     0 | D:1      | porpoise the Demonspawn Gladiator began the quest for the
                  | Orb.
     0 | D:1      | Reached XP level 1. HP: 16/16 MP: 1/1
   108 | D:1      | Reached skill level 3 in Polearms
   212 | D:1      | Gained mutation: You regenerate magic rapidly. [demonic
                  | ancestry]
   212 | D:1      | Reached XP level 2. HP: 22/22 MP: 2/2
   618 | D:2      | Slain by an iguana

Illustrated notes

Levels and vault maps discovered:
D:1:      lightli_arrival_chessboard, layout_rooms, chequers_garden,
          hangedman_decor_slide_cut
D:2:      layout_basic, shapermc_ecumenical_altar_mp_highgroup,
          uniq_crazy_yiuf_cottage, uniq_terence

Skill      XL: |  1 |
---------------+----+-----
Polearms       | 3 |  3.2
Fighting       | |  2.3
Throwing       | |  1.7
Dodging        | |  2.6

Action                   || total
-------------------------++-------
Melee: Trident           ||    53
Armor: Leather armour    ||    11
Dodge: Dodged            ||    20

Table legend: (Time is in decaauts)
 A = Elapsed time spent in this place.
 B = Non-inter-level travel time spent in this place.
 C = Inter-level travel time spent in this place.
 D = Time resting spent in this place.
 E = Time spent auto-exploring this place.
 F = Levels seen in this place.
 G = Mean time per level.
                   A        B        C        D        E       F      G
               +--------+--------+--------+--------+--------+-----+--------+
         Total |    625 |    608 |     17 |     24 |    468 |   2 |  312.5 |
       Dungeon |    625 |    608 |     17 |     24 |    468 |   2 |  312.5 |
               +--------+--------+--------+--------+--------+-----+--------+

Top non-repeatable levels by time:
     D:1: 541 daAuts
     D:2: 84 daAuts
